 Dungeon Crawl Stone Soup version 0.30-a0-953-g5f1da4a474 (webtiles) character file.

Game seed: 16479569768337961212

165 cforsyth the Trooper (level 5, -5/43 HPs)
             Began as a Formicid Fighter on Mar 28, 2023.
             Slain by a mummy (16 damage)
             ... in an ossuary.
             The game lasted 00:03:11 (2483 turns).

cforsyth the Trooper (Formicid Fighter)             Turns: 2483, Time: 00:03:11

Health: -5/43      AC:  9    Str: 22    XL:     5   Next: 75%
Magic:  5/5        EV: 15    Int: 12    God:
Gold:   257        SH:  5    Dex: 13    Spells: 4/4 levels left

rFire   . . .      SeeInvis +    a - +0 flail
rCold   + . .      Faith    .    c - +0 buckler
rNeg    + . .      Spirit   .    u - +3 ring mail of Lies {rC+ rN+ Will+ Int+4}
rPois   .          Reflect  .    (helmet unavailable)
rElec   .          Rampage  .    (no cloak)
rCorr   .                        m - +0 pair of gloves
Will    +....                    (no boots)
Stlth   +                        (no amulet)
HPRegen 0.27/turn                p - +5 ring of evasion
MPRegen 0.09/turn                (no ring)

@: no status effects
A: permanent stasis, dig shafts and tunnels, antennae 3, four strong arms
a: Dig


You were in an ossuary.
You visited 1 branch of the dungeon, and saw 4 of its levels.
You also visited: Ossuary.

You collected 257 gold pieces.

Inventory:

Hand Weapons
 a - a +0 flail (weapon)
Armour
 b - a +0 scale mail
 c - a +0 buckler (worn)
 m - a +0 pair of gloves (worn)
 u - the +3 ring mail of Lies (worn) {rC+ rN+ Will+ Int+4}
   (You found it on level 4 of the Dungeon)

   Int:       It affects your intelligence (+4).
   rC:        It protects you from cold.
   rN:        It protects you from negative energy.
   Will:      It increases your willpower.
Jewellery
 p - a +5 ring of evasion (left hand)
 r - a +6 ring of intelligence
Wands
 o - a wand of mindburst (21)
Scrolls
 e - 3 scrolls of poison {unknown}
 g - a scroll of silence {unknown}
 h - 2 scrolls of amnesia {unknown}
 j - a scroll of magic mapping {unknown}
 l - 5 scrolls of identify {unknown}
 n - a scroll of torment {unknown}
 s - a scroll of teleportation {unknown}
Potions
 d - 4 potions of might
 f - 3 potions of invisibility {unknown}
 i - 4 potions of cancellation {unknown}
 k - 2 potions of ambrosia {unknown}
 q - a potion of curing {unknown}
 t - a potion of attraction {unknown}


   Skills:
 + Level 4.6 Fighting
 * Level 4.6 Maces & Flails
 - Level 3.2 Armour
 - Level 4.0 Shields


You had 4 spell levels left.
You didn't know any spells.
Your spell library contained the following spells:

 Spells                   Type           Power      Damage    Failure   Level
 Passage of Golubria      Tloc           0%         N/A       99%         4
 Silence                  Hex/Air        0%         N/A       100%        5
 Lehudib's Crystal Spear  Conj/Erth      0%         10d2      100%        8


Dungeon Overview and Level Annotations

Branches:
Dungeon (4/15)            Ossuary (1/1)
 Temple: D:4-7

Altars:
Makhleb
Nemelex Xobeh

Shops:
D:2 [:([

Annotations:
D:4 1 runed translucent door


Innate Abilities, Weirdness & Mutations

You cannot be hasted, slowed, berserked, paralysed or teleported.
You can dig through walls and to a lower floor.
You have a pair of large antennae on your head. (SInv)
Your four strong arms can wield two-handed weapons with a shield.


Message History

You thump the mummy!
The mummy is severely damaged.
The mummy closely misses you.
You sock the mummy!
You destroy the mummy!
The mummy hits you. x2
You barely miss the mummy. The mummy barely misses you.
The mummy closely misses you.
You closely miss the mummy. You hit the mummy but do no damage.
The mummy hits you! The mummy hits you but does no damage.
You hit the mummy.
The mummy is lightly damaged.
The mummy hits you but does no damage. You block the mummy's attack.
The hobgoblin zombie hits you but does no damage.
You hit the mummy but do no damage.
The mummy is lightly damaged.
The hobgoblin zombie barely misses you. The mummy closely misses you.
The mummy misses you.
You hit the mummy.
The mummy is moderately damaged.
You block the hobgoblin zombie's attack.
You barely miss the mummy.
The mummy is moderately damaged.
The mummy hits you. The mummy hits you!
You block the hobgoblin zombie's attack.
You are too injured to fight recklessly!
You are too injured to fight recklessly!
You are too injured to fight recklessly!
You are too injured to fight recklessly!
You are too injured to fight recklessly!
You are too injured to fight recklessly!
You are too injured to fight recklessly!
You are too injured to fight recklessly!
You sock the mummy!
The mummy is almost destroyed.
The mummy hits you!
* * * LOW HITPOINT WARNING * * *
The mummy hits you!
You die...

#
###########.#
##.M........^.
#...@Z.....^..
#...M.∩.∩.....
#.............
##...........^
###########.#
#


You could see 2 mummies and a hobgoblin zombie.

Vanquished Creatures
  Jessica (D:3)
  A sleepcap (D:4)
  A mummy (Ossuary)
  5 adders
  A dart slug (D:3)
  4 bats
  5 endoplasms
  A giant cockroach (D:2)
  6 goblins
  9 hobgoblins
  3 quokkas
  6 ball pythons
  3 frilled lizards
  5 kobolds
  4 rats
55 creatures vanquished.

Notes
Turn   | Place    | Note
-------+----------+-------------------------------------------
     0 | D:1      | cforsyth the Formicid Fighter began the quest for the Orb.
     0 | D:1      | Reached XP level 1. HP: 18/18 MP: 1/1
   122 | D:1      | Reached XP level 2. HP: 20/24 MP: 2/2
   558 | D:1      | Reached XP level 3. HP: 28/30 MP: 3/3
   842 | D:2      | Found Xaokaph's Antique Weapon Shop.
   860 | D:2      | Found a sparkling altar of Nemelex Xobeh.
   942 | D:2      | Found a faded altar of an unknown god.
  1052 | D:2      | Found Xulayl's Antique Armour Shoppe.
  1114 | D:2      | Found Xucre's Book Shop.
  1457 | D:2      | Found Tiriegil's Antique Armour Boutique.
  1621 | D:3      | Reached XP level 4. HP: 37/37 MP: 4/4
  1899 | D:3      | Found a burning altar of Makhleb.
  2023 | D:3      | Noticed Jessica
  2028 | D:3      | Killed Jessica
  2029 | D:3      | Reached XP level 5. HP: 42/42 MP: 5/5
  2416 | D:4      | Identified the +3 ring mail of Lies {rC+ rN+ Will+ Int+4}
  2459 | D:4      | Found a large runed translucent door.
  2461 | D:4      | Found a sand-covered staircase.
  2470 | Ossuary  | Entered an ossuary
  2483 | Ossuary  | Slain by a mummy

Illustrated notes

Levels and vault maps discovered:
D:1:      tarquinn_simple_flora_water_c, layout_loops_ring,
          hangedman_abyss_or_decor_stabs, minivault_11, minmay_misc_feat_tower,
          minmay_octomino_e4
D:2:      layout_basic, basic_ecumenical_altar, serial_shops,
          nicolae_shop_stone, nicolae_shop_hallway_plus, shop_statue, shop,
          basic_altar
D:3:      layout_loops_ring, lightli_temple_of_fire, uniq_jessica
D:4:      layout_cave_pools, nicolae_ossuary_entry_monument,
          ebering_ghost_disaster_area
Ossuary:  ossuary_the_hunt_dpeg

Skill      XL: |  1  2  3  4 |
---------------+-------------+-----
Maces & Flails | 3 4 |  4.6
Fighting       | 4 |  4.6
Armour         | |  3.2
Shields        | |  4.0

Action                     |  1- 3 |  4- 6 || total
---------------------------+-------+-------++-------
  Melee: Flail             |   101 |    76 ||   177
 Armour: Scale mail        |    53 |    27 ||    80
         Ring mail         |       |     3 ||     3
  Dodge: Dodged            |    40 |    42 ||    82
  Block: Buckler           |    17 |    14 ||    31

Table legend: (Time is in decaauts)
 A = Elapsed time spent in this place.
 B = Non-inter-level travel time spent in this place.
 C = Inter-level travel time spent in this place.
 D = Time resting spent in this place.
 E = Time spent auto-exploring this place.
 F = Levels seen in this place.
 G = Mean time per level.
                   A        B        C        D        E       F      G
               +--------+--------+--------+--------+--------+-----+--------+
         Total |   2527 |   2409 |    118 |      0 |   1801 |   5 |  505.4 |
       Dungeon |   2513 |   2395 |    118 |      0 |   1801 |   4 |  628.2 |
       Ossuary |     14 |     14 |      0 |      0 |      0 |   1 |   14.0 |
               +--------+--------+--------+--------+--------+-----+--------+

Top non-repeatable levels by time:
     D:1: 861 daAuts
     D:2: 754 daAuts
     D:3: 650 daAuts
     D:4: 247 daAuts
 Ossuary: 14 daAuts
